AoeStats
← c_stephen06200

Migration

506249774Analyzed
1v1 RM · 21d ago on Sep 12, 2026· 34m 1s· 2 players
Game mode
Random Map
Map size
132×132
Population
200
Speed
Normal
Resources
Standard
Victory
Conquest
Starting age
Dark Age
Ending age
Imperial Age
RankedLock teamsTeams togetherTeam positionsShared explorationLock speedFull tech treeHidden civsTurbo modeCheats
Victory
Defeat
🇫🇷 Byzantines · France
1000
+16
🇩🇪 Vietnamese · Germany
1000
-48
BaconToGo
12:54 Feudal Age
13:19 Loom
14:14 Wheelbarrow
22:41 Castle Age
22:12 Town Watch
c_stephen06200
4:08 Loom
7:52 Loom
11:06 Feudal Age
12:20 Fishing Lines
19:35 Castle Age
17:33 Gold Mining
18:49 Scale Barding Armor
19:43 Double-Bit Axe
19:56 Horse Collar
23:02 Bow Saw
24:00 Stone Mining
25:38 Wheelbarrow
26:00 Forging
25:53 Heavy Plow
32:41 Chain Barding Armor
Connection lost

Rejoining the realm…

Still unreachable

The connection could not be restored.

Session expired

The server has moved on; the page needs a fresh start.